 Dungeon Crawl Stone Soup version 0.28-a0-751-gef3a642a4e (webtiles) character file.

Game seed: 8715134028403625284

56492 Johnny the Human Blade (level 15, -9/118 HPs)
             Began as a Human Berserker on Oct 30, 2021.
             Was a High Priest of Trog.
             Mangled by an ettin (27 damage)
             ... on level 1 of the Orcish Mines.
             The game lasted 00:18:34 (20138 turns).

Johnny the Human Blade (Human Berserker)           Turns: 20138, Time: 00:18:35

Health: -9/118     AC: 12    Str: 28    XL:     15   Next: 22%
Magic:  0/15       EV: 12    Int:  7    God:    Trog [*****.]
Gold:   993        SH:  0    Dex: 12    Spells: 14/14 levels left

rFire   + + +      SeeInvis +   j - +9 great sword (freeze)
rCold   . . .      Faith    .   (shield currently unavailable)
rNeg    . . .      Spirit   +   R - +3 leather armour of the Present {rF+ Regen+}
rPois   +          Reflect  .   p - +2 hat {Stlth+}
rElec   .          Harm     .   F - +2 cloak {Will+}
rCorr   .          Rampage  .   (no gloves)
Will    +++++                   U - +0 pair of boots
Stlth   ++........              d - amulet "Imezai" {Spirit rPois rF++ Str+3 SInv}
HPRegen 2.29/turn               g - ring of see invisible
MPRegen 0.14/turn               x - ring of willpower

@: strong-willed, on berserk cooldown, regenerating, slowed, very slow
A: no striking features
a: Renounce Religion, Berserk, Trog's Hand, Brothers in Arms


You were on level 1 of the Orcish Mines.
You worshipped Trog.
Trog was extremely pleased with you.
You visited 4 branches of the dungeon, and saw 17 of its levels.
You also visited: Ossuary.

You collected 1251 gold pieces.
You spent 258 gold pieces at shops.

Inventory:

Hand Weapons
 a - a +0 falchion of freezing
 j - a +9 great sword of freezing (weapon)
Missiles
 K - a throwing net (quivered)
Armour
 b - a +0 helmet
 p - a +2 hat of stealth (worn)
 w - a +3 scale mail of cold resistance
 F - a +2 cloak of willpower (worn)
 R - the +3 leather armour of the Present (worn) {rF+ Regen+}
   (You found it on level 3 of the Lair of Beasts)

   rF:        It protects you from fire.
   Regen:     It increases your rate of health regeneration.
 U - a +0 pair of boots (worn)
Jewellery
 d - the amulet "Imezai" (around neck) {Spirit rPois rF++ Str+3 SInv}
   (You acquired it on level 3 of the Lair of Beasts)

   [amulet of guardian spirit]

   It causes incoming damage to be divided between your reserves of health and
   magic.
   Str:       It affects your strength (+3).
   rF:        It greatly protects you from fire.
   rPois:     It protects you from poison.
   SInv:      It lets you see invisible.
 g - a ring of see invisible (left hand)
 n - a ring of protection from cold
 v - a ring of poison resistance
 x - a ring of willpower (right hand)
 E - a ring of magical power
 O - an amulet of the acrobat
 S - an amulet of magic regeneration
Wands
 G - a wand of paralysis (11)
 I - a wand of flame (19)
 Q - a wand of acid (8)
Scrolls
 f - 4 scrolls of teleportation
 h - 3 scrolls of amnesia
 i - 5 scrolls of magic mapping
 k - 2 scrolls of immolation
 m - 4 scrolls of enchant armour
 o - a scroll of blinking
 s - 4 scrolls of noise
 u - 2 scrolls of torment
 y - a scroll of silence
 B - a scroll of fog
 C - a scroll of vulnerability
 D - 2 scrolls of holy word
 T - a scroll of fear
 W - a scroll of acquirement
Potions
 c - 3 potions of brilliance
 e - 8 potions of curing
 l - 6 potions of might
 q - 3 potions of flight
 r - 2 potions of mutation
 t - 4 potions of lignification
 z - a potion of berserk rage {unknown}
 A - a potion of cancellation {unknown}
 J - a potion of degeneration {unknown}
 L - 3 potions of heal wounds
 N - a potion of haste
 P - a potion of attraction
Miscellaneous
 H - a box of beasts
 M - a lightning rod (2/4)
 V - a condenser vane (inert)


   Skills:
 + Level 11.1 Fighting
 - Level 22.3 Long Blades
 + Level 3.5 Armour
 + Level 3.5 Dodging


You had 14 spell levels left.
You didn't know any spells.
Your spell library was empty.

Dungeon Overview and Level Annotations

Branches:
Dungeon (9/15)             Temple (1/1) D:6            Lair (6/6) D:8
  Swamp (0/4) Lair:4        Snake (0/4) Lair:2        Slime (0/5) Lair:5
    Orc (1/2) D:9         Ossuary (visited)

Altars:
Dithmenos
Okawaru
Xom
The Shining One

Shops:
D:5 [

Annotations:
D:8 2 transporters, tensugalgo's ghost, novice TeSu


Message History

The ettin hits itself with a +0 dire flail.
The ettin hits itself with a +0 dire flail!
The orc priest is engulfed in noxious fumes.
The orc priest appears confused.
Aiming: Throw Flame
Press: ? - help, Shift-Dir - straight line, f/p - ettin
Aim: an ettin, wielding two +0 dire flails (noxious fumes, heavily wounded, confused, 100% to hit)
The puff of flame hits the ettin.
The ettin is heavily wounded.
The orc priest is engulfed in noxious fumes.
The ettin is engulfed in noxious fumes.
Aiming: Throw Flame
Press: ? - help, Shift-Dir - straight line, f/p - ettin
Aim: an ettin, wielding two +0 dire flails (noxious fumes, heavily wounded, confused, 100% to hit)
The puff of flame hits the ettin.
The ettin is heavily wounded.
Your skin stops crawling.
You feel less strong-willed.
The ettin is engulfed in noxious fumes.
The ettin closely misses you. x2
Your skin crawls.
You feel strong-willed.
The ettin is engulfed in noxious fumes.
The ettin hits you with a +0 dire flail!!
The ettin barely misses you.
The orc priest is engulfed in noxious fumes.
The ettin is engulfed in noxious fumes.
The ettin hits you with a +0 dire flail!!
The ettin barely misses you.
Aiming: Corrosive Bolt
Press: ? - help, Shift-Dir - straight line, f/p - ettin
Aim: an ettin, wielding two +0 dire flails (severely wounded, confused, 100% to hit)
The bolt of acid hits the ettin!
The acid corrodes the ettin!
The ettin is almost dead.
You hear a shout!
The orc priest calls down the wrath of Beogh upon you.
Beogh smites you!
The ettin screams, "I'll kill you anyway!"
The ettin hits you with a +0 dire flail!!
* * * LOW HITPOINT WARNING * * *
The ettin hits you with a +0 dire flail!!
You die...

########### ######
..........##### ##|...# #
........)oo.oo##### #.....####
......†...###.(C@.######......##.
......()o.# #####.............##.
######C#### #########....#'..
..'.oC..o.'... ##.####..
###.Coooh.#### #... #.. #...o...#
###.#### #..o....# ####.# #
#.......# ...#..### ###C''###
....#....


You could see an ettin (confused, corroded), 2 orc priests, an orc wizard
(invisible) and an orc.

Vanquished Creatures
  Gastronok (Lair:3)
  Josephine (Lair:5)
  9 hydras
  2 catoblepae (Lair:6)
  2 two-headed ogres
  20 death yaks
  A bog body (Lair:4)
  7 cyclopes (Orc:1)
  2 manticores (Lair:6)
  6 elephants (Lair:3)
  A torpor snail (Lair:6)
  8 black mambas
  14 cane toads
  4 rime drakes
  8 komodo dragons
  2 kobold demonologists (D:9)
  2 polar bears
  Prince Ribbit (D:7)
  A hornet (Lair:2)
  Grinder (D:4)
  5 dream sheep (Lair:4)
  8 blink frogs
  A shadow (D:9)
  5 wraiths
  3 wyverns
  19 yaks
  A steam dragon (D:6)
  2 basilisks
  8 wargs
  An acid dragon (D:8)
  19 water moccasins
  3 ice beasts
  7 orc warriors
  4 black bears
  5 necrophages (Lair:2)
  23 wolves
  9 ogres
  6 centaurs
  5 phantoms
  A kobold brigand (D:9)
  9 bullfrogs
  A gnoll sergeant (D:7)
  A scorpion (D:5)
  A wyvern zombie (D:7)
  A water moccasin zombie (D:5)
  A troll zombie (D:9)
  8 wights
  6 howler monkeys
  3 jellies
  A centaur zombie (D:6)
  5 hounds
  A bullfrog zombie (D:7)
  A gnoll shaman (D:6)
  7 orc priests
  5 iguanas
  11 orc wizards
  2 killer bee zombies
  5 ogre zombies (D:9)
  A mummy (Ossuary)
  11 gnolls
  8 adders
  A shadow imp (D:6)
  3 white imps
  2 ufetubi
  2 worms
  13 dart slugs
  31 orcs
  5 ball pythons
  5 bats
  6 endoplasms
  2 giant cockroaches
  9 goblins
  7 hobgoblins
  6 jackals
  9 kobolds
  4 quokkas
  5 frilled lizards
  12 gnoll skeletons (Ossuary)
  A goblin skeleton (D:9)
  A goblin zombie (D:9)
  2 hobgoblin skeletons (D:9)
  A hobgoblin zombie (D:9)
  6 kobold skeletons (Ossuary)
  7 orc skeletons (Ossuary)
  14 orc zombies (D:9)
  6 rats
477 creatures vanquished.

Vanquished Creatures (collateral kills)
  A catoblepas (Lair:6)
1 creature vanquished.

Vanquished Creatures (others)
  An orc wizard (D:9)
  19 fungi
  45 plants
  5 toadstools (D:1)
70 creatures vanquished.

Grand Total: 548 creatures vanquished

Notes
Turn   | Place    | Note
-------+----------+-------------------------------------------
     0 | D:1      | Johnny the Human Berserker began the quest for the Orb.
     0 | D:1      | Reached XP level 1. HP: 18/18 MP: 1/1
   119 | D:1      | Reached XP level 2. HP: 13/24 MP: 2/2
   524 | D:1      | Reached XP level 3. HP: 27/29 MP: 3/3
   751 | D:1      | Reached ** piety under Trog
  1051 | D:1      | Reached skill level 4 in Long Blades
  1191 | D:2      | Reached XP level 4. HP: 13/35 MP: 4/4
  2369 | D:3      | Reached XP level 5. HP: 31/42 MP: 5/5
  2638 | D:3      | Reached skill level 5 in Long Blades
  2759 | D:3      | Reached XP level 6. HP: 43/48 MP: 6/6
  3321 | D:3      | Reached skill level 6 in Long Blades
  3568 | D:4      | Noticed Grinder
  3579 | D:4      | Killed Grinder
  3580 | D:4      | Reached skill level 5 in Fighting
  3580 | D:4      | Reached XP level 7. HP: 56/56 MP: 7/7
  3933 | D:4      | Reached skill level 7 in Long Blades
  4452 | D:5      | Entered Level 5 of the Dungeon
  4460 | D:5      | Reached XP level 8. HP: 63/63 MP: 8/8
  4812 | D:5      | Found an iron altar of Okawaru.
  5122 | D:5      | Reached skill level 8 in Long Blades
  5460 | D:5      | Found Demilas's Armour Shop.
  5896 | D:6      | Found a staircase to the Ecumenical Temple.
  6021 | Temple   | Entered the Ecumenical Temple
  6109 | D:6      | Reached *** piety under Trog
  6249 | D:6      | Reached skill level 9 in Long Blades
  6387 | D:6      | Reached XP level 9. HP: 71/71 MP: 9/9
  7149 | D:6      | Reached skill level 10 in Long Blades
  8066 | D:7      | Reached skill level 11 in Long Blades
  8461 | D:7      | Reached XP level 10. HP: 50/79 MP: 10/10
  8552 | D:7      | Noticed Prince Ribbit
  8569 | D:7      | Killed Prince Ribbit
  8570 | D:7      | Reached skill level 12 in Long Blades
  9042 | D:8      | Found a staircase to the Lair.
  9062 | D:8      | Reached skill level 13 in Long Blades
  9102 | D:8      | Noticed a two-headed ogre
  9115 | D:8      | Killed a two-headed ogre
  9149 | D:8      | Found a sand-covered staircase.
  9159 | Ossuary  | Entered an ossuary
  9282 | Ossuary  | Reached **** piety under Trog
  9502 | D:8      | Found a transporter.
  9506 | D:8      | Reached skill level 14 in Long Blades
  9506 | D:8      | Noticed tensugalgo's ghost (novice TeSu)
  9511 | D:8      | Found a transporter.
 10146 | D:5      | Bought a +2 cloak of willpower for 258 gold pieces
 10221 | D:9      | Noticed a two-headed ogre
 10242 | Lair:1   | Entered Level 1 of the Lair of Beasts
 10242 | Lair:1   | Noticed a black mamba
 10243 | Lair:1   | Noticed a komodo dragon
 10250 | Lair:1   | Killed a black mamba
 10251 | Lair:1   | Reached XP level 11. HP: 84/84 MP: 11/11
 10266 | Lair:1   | Reached skill level 15 in Long Blades
 10467 | Lair:1   | Noticed a seven-headed hydra
 10474 | Lair:1   | Killed a ten-headed hydra
 10607 | Lair:1   | Noticed a seven-headed hydra
 10618 | Lair:1   | Killed a 13-headed hydra
 10943 | Lair:1   | Reached skill level 16 in Long Blades
 11027 | Lair:1   | Noticed a four-headed hydra
 11036 | Lair:1   | Killed an 11-headed hydra
 11616 | Lair:2   | Found a staircase to the Snake Pit.
 11636 | Lair:2   | Reached XP level 12. HP: 59/91 MP: 12/12
 11920 | Lair:2   | Reached skill level 17 in Long Blades
 12682 | Lair:2   | Reached skill level 18 in Long Blades
 13437 | Lair:3   | Noticed an eight-headed hydra
 13661 | Lair:3   | Noticed a six-headed hydra
 13670 | Lair:3   | Killed a nine-headed hydra
 13671 | Lair:3   | Reached skill level 19 in Long Blades
 13999 | Lair:3   | Identified a scroll of acquirement
 13999 | Lair:3   | Acquired the amulet "Imezai" {Spirit rPois rF++ Str+3 SInv}
 14043 | Lair:3   | Noticed Gastronok
 14044 | Lair:3   | Noticed a seven-headed hydra
 14139 | Lair:3   | Reached XP level 13. HP: 94/96 MP: 13/13
 14144 | Lair:3   | Killed a ten-headed hydra
 14220 | Lair:3   | Killed Gastronok
 14242 | Lair:3   | Killed an eight-headed hydra
 14617 | Lair:4   | Found a staircase to the Swamp.
 14738 | Lair:4   | Reached skill level 20 in Long Blades
 15414 | Lair:4   | You fall into a shaft and drop 2 floors!
 15414 | Lair:6   | Entered Level 6 of the Lair of Beasts
 15636 | Lair:5   | Found a staircase to the Slime Pits.
 15916 | Lair:5   | Reached XP level 14. HP: 87/106 MP: 6/14
 16144 | Lair:5   | Reached skill level 21 in Long Blades
 16169 | Lair:5   | Noticed Josephine
 16182 | Lair:5   | Killed Josephine
 16585 | Lair:5   | Identified the +1 ring mail "Qettum" {Int+4}
 16855 | Lair:3   | Identified the +3 leather armour of the Present {rF+
                  | Regen+}
 18089 | Lair:6   | Reached skill level 10 in Fighting
 18257 | Lair:6   | Reached skill level 22 in Long Blades
 19183 | D:9      | Reached XP level 15. HP: 117/117 MP: 13/15
 19337 | D:9      | Found a staircase to the Orcish Mines.
 19376 | D:9      | Reached ***** piety under Trog
 19843 | Orc:1    | Entered Level 1 of the Orcish Mines
 20138 | Orc:1    | Mangled by an ettin

Illustrated notes

Levels and vault maps discovered:
D:1:      ldierk_walled_garden, layout_loops_ring,
          chequers_serial_rivers_micro_c, minivault_4
D:2:      layout_loops_ring
D:3:      kennysheep_slugbush, layout_rooms, minmay_tree_intersection,
          grunt_ministairs_2
D:4:      layout_rooms, hangedman_decor_peaks_small, uniq_grinder
D:5:      layout_loops_corners, okawaru_gym_becter, serial_shops,
          kennysheep_mini
D:6:      layout_basic, minmay_temple_entry_waves
D:7:      layout_basic, chequers_serial_rivers_micro_d, uniq_prince_ribbit1
D:8:      layout_loops_cross, erik_lair_orcish_takeover, gammafunk_ghost_hive,
          nicolae_ossuary_entry_monument, st_stairs_2, kennysheep_generic_room_4
D:9:      layout_cave_pools, zombieorc1_lemuel
Temple:   grunt_wide_crystal_templ
Lair:1:   layout_chaotic_city, lemuel_fruit_tree
Lair:2:   beast_lair_carwin_large_1, layout_long_grid,
          minmay_snake_entry_six_corridors, chequers_serial_rivers_micro_b,
          roderic_carrion_pond
Lair:3:   layout_small_grid, grunt_megastairs_1, uniq_gastronok
Lair:4:   layout_loops_ring, skrybe_swamp_entry_bodies,
          chequers_serial_rivers_micro_d, grunt_megastairs_5
Lair:5:   layout_regular_city, slime_dummy, grunt_megastairs_3, uniq_josephine
Lair:6:   evilmike_catoblepas_cave, layout_layer_cave, serial_bayou_pond_b,
          hibernation_bobbens, lemuel_fruit_fields, infiniplex_staircase_pool
Orc:1:    giant_chief_lemuel, layout_caves, basic_altar, serial_shops, shop,
          nicolae_orc_crystal_geode

Skill      XL: |  1  2  3  4  5  6  7  8  9 10 11 12 13 14 15 |
---------------+----------------------------------------------+-----
Long Blades    | 4 5 6 7 9 11 14 16 19 20 22 | 22.3
Fighting       | 4 5 6 7 8 10 11 | 11.1
Armour         | 3 |  3.5
Dodging        | 3 |  3.5

Action                   |  1- 3 |  4- 6 |  7- 9 | 10-12 | 13-15 || total
-------------------------+-------+-------+-------+-------+-------++-------
Melee: Falchion          |   101 |   168 |   359 |    72 |       ||   700
       Great sword       |       |       |       |   315 |   471 ||   786
Throw: Throwing net      |       |       |       |     2 |     1 ||     3
Invok: Berserk           |     2 |     4 |    15 |    12 |    17 ||    50
       Trog's Hand       |       |     5 |     6 |    10 |     8 ||    29
       Brothers in Arms  |       |       |       |       |     2 ||     2
Evoke: Wand              |       |       |       |     2 |    11 ||    13
       Box of beasts     |       |       |       |     1 |       ||     1
       Lightning rod     |       |       |       |       |     6 ||     6
       Condenser vane    |       |       |       |       |     1 ||     1
  Use: Potion            |       |     1 |       |       |     1 ||     2
       Scroll            |       |       |     4 |    13 |    12 ||    29
 Stab: Sleeping          |     2 |       |       |       |     1 ||     3
Armor: Animal skin       |    17 |       |       |       |       ||    17
       Ring mail         |       |    69 |    47 |       |       ||   116
       Scale mail        |       |       |    52 |   191 |    59 ||   302
       Leather armour    |       |       |       |       |    89 ||    89
Dodge: Dodged            |    84 |   134 |   185 |   191 |   185 ||   779

Table legend: (Time is in decaauts)
 A = Elapsed time spent in this place.
 B = Non-inter-level travel time spent in this place.
 C = Inter-level travel time spent in this place.
 D = Time resting spent in this place.
 E = Time spent auto-exploring this place.
 F = Levels seen in this place.
 G = Mean time per level.
                   A        B        C        D        E       F      G
               +--------+--------+--------+--------+--------+-----+--------+
         Total |  20395 |  19471 |    924 |   4669 |  11817 |  18 | 1133.1 |
       Dungeon |  10717 |  10273 |    444 |   2423 |   6154 |   9 | 1190.8 |
        Temple |     77 |     77 |      0 |     72 |      0 |   1 |   77.0 |
          Lair |   8970 |   8490 |    480 |   2033 |   5379 |   6 | 1495.0 |
  Orcish Mines |    294 |    294 |      0 |     34 |    146 |   1 |  294.0 |
       Ossuary |    335 |    335 |      0 |    107 |    137 |   1 |  335.0 |
               +--------+--------+--------+--------+--------+-----+--------+

Top non-repeatable levels by time:
     D:6: 2123 daAuts
  Lair:2: 2113 daAuts
  Lair:6: 1875 daAuts
  Lair:4: 1454 daAuts
     D:5: 1318 daAuts
     D:1: 1190 daAuts
  Lair:1: 1185 daAuts
     D:8: 1180 daAuts
  Lair:3: 1177 daAuts
  Lair:5: 1164 daAuts
     D:3: 1151 daAuts
     D:2: 1133 daAuts
     D:4: 1111 daAuts
     D:7: 921 daAuts
     D:9: 587 daAuts
